 Dungeon Crawl Stone Soup version 0.29.0-11-gd7f09526c8 (webtiles) character file.

Game seed: 10582133905866836143

541501 freelancePsychic the Warrior (level 27, -15/219 (224) HPs)
             Began as a Human Delver on Sept 6, 2022.
             Was the Champion of Ashenzari.
             Killed from afar by a black draconian knight (25 damage)
             ... with a bolt of lightning
             ... on level 3 of the Realm of Zot.
             The game lasted 02:45:39 (61434 turns).

freelancePsychic the Warrior (Human Delver)        Turns: 61434, Time: 02:45:40

HP:   -15/219 (224) AC: 24    Str: 15    XL:     27
MP:   16/37         EV: 17    Int: 34    God:    Ashenzari [******]
Gold: 3436          SH: 23    Dex: 12    Spells: 4/47 levels left

rFire   + + .      SeeInvis +   X - +9 demon trident of the Fated Ordeal {vamp, Cun, Elem} (curse)
rCold   + . .      Faith    .   b - +2 tower shield "Stars of the Bound Sage" {rC+ rF+, Bglg, Elem} (curse)
rNeg    . . .      Spirit   .   y - +4 ring mail "Shattered With Me" {Will+++ Regen+ rCorr Stlth-, Evo, Fort} (curse)
rPois   +          Reflect  .   z - +2 helmet "Prophetic Pessimism" {Int+3, Melee, Comp} (curse)
rElec   .          Harm     .   f - +2 cloak of Ashenzari's Stickiness {rPois, Fort, Alch} (curse)
rCorr   +          Rampage  .   G - +2 pair of gloves "Eternal Morality" {Stlth+, Alch, Elem} (curse)
Will    +++++      Clarity  +   a - +1 pair of boots of the Eye in the Sky {Range, Comp} (curse)
Stlth   +++.......              M - amulet of Supernal Wisdom {Acrobat Contam rPois Int+9 Dex-3, Evo, Elem} (curse)
HPRegen 1.26/turn               j - ring of the Bound Oracle {rPois, Evo, Fort} (curse)
MPRegen 0.25/turn               o - ring of Panopticon {rF+ SInv, Comp, Evo} (curse)

@: studying 4 skills, lightly drained
A: no striking features
}: 3/15 runes: serpentine, barnacled, silver
a: Renounce Religion, Shatter the Chains


You were on level 3 of the Realm of Zot.
You worshipped Ashenzari.
Ashenzari was exalted by your worship.
You visited 10 branches of the dungeon, and saw 49 of its levels.
You visited 1 bazaar.
You also visited: Gauntlet, Ice Cave and Wizlab.

You collected 6605 gold pieces.
You spent 3169 gold pieces at shops.

Inventory:

Hand Weapons
 X - the cursed +9 demon trident of the Fated Ordeal (weapon) {vamp, Cun, Elem}
   (You took it off Urug on level 1 of the Lair of Beasts)

   It occasionally heals its wielder for a portion of the damage dealt when it
   wounds a living foe.
   It has a curse which improves the following skills: Cunning: Dodging and
   Stealth.
   Elements:  Fire Magic, Ice Magic, Air Magic and Earth Magic.
Missiles
 Y - 3 throwing nets
Armour
 a - the cursed +1 pair of boots of the Eye in the Sky (worn) {Range, Comp}
   (You bought it in a shop on level 2 of the Orcish Mines)

   It has a curse which improves the following skills: Ranged Combat: Ranged
   Weapons and Throwing.
   Companions: Summonings and Necromancy.
 b - the cursed +2 tower shield "Stars of the Bound Sage" (worn) {rC+ rF+, Bglg, Elem}
   (You took it off a naga warrior on level 1 of the Snake Pit)

   It has a curse which improves the following skills: Beguiling: Conjurations,
   Hexes and Translocations.
   Elements:  Fire Magic, Ice Magic, Air Magic and Earth Magic.
 f - the cursed +2 cloak of Ashenzari's Stickiness (worn) {rPois, Fort, Alch}
   (You took it off Crazy Yiuf on level 5 of the Dungeon)

   It has a curse which improves the following skills: Fortitude: Armour and
   Shields.
   Alchemy:   Poison Magic and Transmutations.
 y - the cursed +4 ring mail "Shattered With Me" (worn) {Will+++ Regen+ rCorr Stlth-, Evo, Fort}
   (You found it on level 3 of the Dungeon)

   Regen:     It increases your rate of health regeneration.
   rCorr:     It protects you from acid and corrosion.
   Will:      It greatly increases your willpower.
   Stlth:     It makes you less stealthy.
   It has a curse which improves the following skills: Evocations: Evocations.
   Fortitude: Armour and Shields.
 z - the cursed +2 helmet "Prophetic Pessimism" (worn) {Int+3, Melee, Comp}
   (You bought it in a shop on level 2 of the Dungeon)

   It has a curse which improves the following skills: Melee Combat: Short
   Blades, Long Blades, Axes, Maces & Flails, Polearms, Staves and Unarmed
   Combat.
   Companions: Summonings and Necromancy.
 G - the cursed +2 pair of gloves "Eternal Morality" (worn) {Stlth+, Alch, Elem}
   (You bought it in a shop on level 2 of the Dungeon)

   It has a curse which improves the following skills: Alchemy: Poison Magic and
   Transmutations.
   Elements:  Fire Magic, Ice Magic, Air Magic and Earth Magic.
Jewellery
 e - the ring "Ehuafut" {Fire rElec Int+4}
   (You acquired it on level 4 of the Dungeon)

   [ring of fire]

   It enhances your fire magic.
   Int:       It affects your intelligence (+4).
   rF:        It protects you from fire.
   rC:        It makes you vulnerable to cold.
   rElec:     It insulates you from electricity.
 j - the cursed ring of the Bound Oracle (left hand) {rPois, Evo, Fort}
   (You found it on level 4 of the Dungeon)

   [ring of poison resistance]

   rPois:     It protects you from poison.
   It has a curse which improves the following skills: Evocations: Evocations.
   Fortitude: Armour and Shields.
 o - the cursed ring of Panopticon (right hand) {rF+ SInv, Comp, Evo}
   (You found it on level 4 of the Shoals)

   [ring of protection from fire]

   rF:        It protects you from fire.
   SInv:      It lets you see invisible.
   It has a curse which improves the following skills: Companions: Summonings
   and Necromancy.
   Evocations: Evocations.
 p - the ring "Woali" {Will+ Dex+4}
   (You took it off a minotaur in a Gauntlet)

   [ring of willpower]

   Dex:       It affects your dexterity (+4).
   Will:      It increases your willpower.
 r - the ring of the Evening {Will+ SInv Stlth+}
   (You took it off a wizard on level 2 of the Depths)

   [ring of willpower]

   SInv:      It lets you see invisible.
   Will:      It increases your willpower.
   Stlth:     It makes you more stealthy.
 w - an amulet of magic regeneration
 A - a +6 ring of strength
 J - a +4 ring of evasion
 M - the cursed amulet of Supernal Wisdom (around neck) {Acrobat Contam rPois Int+9 Dex-3, Evo, Elem}
   (You found it in a Gauntlet)

   [amulet of the acrobat]

   It increases your evasion while moving and waiting.
   Int:       It affects your intelligence (+9).
   Dex:       It affects your dexterity (-3).
   rPois:     It protects you from poison.
   Contam:    It causes magical contamination when unequipped.
   It has a curse which improves the following skills: Evocations: Evocations.
   Elements:  Fire Magic, Ice Magic, Air Magic and Earth Magic.
Wands
 m - a wand of roots (29)
 D - a wand of mindburst (25)
 I - a wand of quicksilver (14)
 P - a wand of digging (4)
 Q - a wand of flame (101)
 T - a wand of paralysis (14)
 W - a wand of polymorph (8)
Scrolls
 c - 9 scrolls of fog
 l - 13 scrolls of teleportation {@r4}
 s - 7 scrolls of poison
 u - 3 scrolls of magic mapping
 B - 5 scrolls of fear
 N - 4 scrolls of silence
 S - 3 scrolls of amnesia
 Z - 4 scrolls of enchant weapon
Potions
 g - 10 potions of might
 h - 4 potions of berserk rage
 k - 10 potions of mutation
 n - 15 potions of attraction
 t - 7 potions of curing {@q1}
 v - 13 potions of lignification
 x - 8 potions of flight
 C - 14 potions of brilliance
 E - 4 potions of ambrosia
 H - 7 potions of haste {@q3}
 O - 2 potions of invisibility
Miscellaneous
 d - a condenser vane
 q - a phantom mirror
 K - a tin of tremorstones (2/2)
 L - a box of beasts
 V - a phial of floods


   Skills:
 - Level 20.0 Fighting
 - Level 3.6(6.1) Short Blades
 - Level 1.2(3.7) Long Blades
 - Level 11.4(14.0) Polearms
 - Level 6.6(11.6) Armour
 - Level 17.2(19.6) Dodging
 - Level 5.5(8.1) Stealth
 - Level 15.2(20.2) Shields
 - Level 10.9 Spellcasting
 - Level 14.7(17.2) Conjurations
 - Level 17.1(22.0) Summonings
 - Level 14.6(19.6) Necromancy
 + Level 14.0(16.5) Translocations
 - Level 6.2(12.1) Ice Magic
 - Level 11.3(17.5) Earth Magic
 - Level 10.6(16.8) Evocations


You had 4 spell levels left.
You knew the following spells:

 Your Spells              Type           Power      Damage    Failure   Level
a - Borgnjor's Vile Clut  Necr/Erth      49%        N/A       1%          5
b - Death Channel         Necr           50%        N/A       1%          6
c - Dispel Undead         Necr           100%       3d31      1%          4
d - Simulacrum            Ice/Necr       45%        N/A       1%          6
e - Spellforged Servitor  Conj/Summ      50%        N/A       2%          7
f - Malign Gateway        Summ/Tloc      49%        N/A       2%          7
g - Lehudib's Crystal Sp  Conj/Erth      47%        10d11     41%         8

Your spell library contained the following spells:

 Spells                   Type           Power      Damage    Failure   Level
 Apportation              Tloc           100%       N/A       0%          1
 Magic Dart               Conj           100%       1d8       0%          1
 Sandblast                Erth           100%       2d20      0%          1
 Blink                    Tloc           100%       N/A       0%          2
 Searing Ray              Conj           100%       2d8       0%          2
 Sublimation of Blood     Necr           100%       N/A       0%          2
 Foxfire                  Conj/Fire      100%       2x1d9     1%          1
 Shock                    Conj/Air       100%       1d9       1%          1
 Passwall                 Tmut/Erth      56%        N/A       1%          2
 Static Discharge         Conj/Air       69%        3-12/arc  1%          2
 Conjure Flame            Conj/Fire      69%        6-21      1%          3
 Dazzling Flash           Conj/Hex       100%       N/A       1%          3
 Frozen Ramparts          Ice            100%       1d16      1%          3
 Gell's Gravitas          Tloc           92%        N/A       1%          3
 Lesser Beckoning         Tloc           92%        N/A       1%          3
 Mephitic Cloud           Conj/Pois/Air  57%        N/A       1%          3
 Ozocubu's Armour         Ice            79%        N/A       1%          3
 Portal Projectile        Hex/Tloc       100%       N/A       1%          3
 Stone Arrow              Conj/Erth      100%       3d13      1%          3
 Teleport Other           Tloc           92%        N/A       1%          3
 Anguish                  Hex/Necr       36%        N/A       1%          4
 Animate Armour           Summ/Erth      100%       N/A       1%          4
 Animate Dead             Necr           100%       N/A       1%          4
 Flame Wave               Conj/Fire      69%        2d16      1%          4
 Iskenderun's Mystic Bla  Conj/Tloc      93%        2d18      1%          4
 Leda's Liquefaction      Hex/Erth       34%        N/A       1%          4
 Passage of Golubria      Tloc           92%        N/A       1%          4
 Sticky Flame             Conj/Fire      69%        2d8       1%          4
 Summon Ice Beast         Ice/Summ       94%        N/A       1%          4
 Fulminant Prism          Conj/Hex       34%        3d16      2%          4
 Ice Form                 Ice/Tmut       57%        N/A       6%          4
 Beastly Appendage        Tmut           44%        N/A       7%          1
 Sting                    Tmut/Pois      88%        1d7       7%          1
 Wereblood                Tmut           22%        N/A       10%         2
 Swiftness                Air            25%        N/A       17%         3
 Ignite Poison            Fire/Tmut/Pois 23%        N/A       19%         3
 Inner Flame              Hex/Fire       23%        N/A       19%         3
 Tukima's Dance           Hex            20%        N/A       22%         3
 Airstrike                Air            12%        2d(2-18)  50%         4
 Iskenderun's Battlesphe  Conj           94%        2d14      1%          5
 Lee's Rapid Deconstruct  Erth           47%        3d24*     1%          5
 Manifold Assault         Tloc           92%        N/A       1%          5
 Summon Forest            Summ/Tloc      49%        N/A       1%          5
 Iron Shot                Conj/Erth      47%        9d9       1%          6
 Summon Hydra             Summ           53%        N/A       1%          7
 Freezing Cloud           Conj/Ice/Air   36%        6-21      3%          5
 Fireball                 Conj/Fire      34%        3d14      5%          5
 Lightning Bolt           Conj/Air       34%        1d52      5%          5
 Irradiate                Conj/Tmut      34%        3d23      6%          5
 Orb of Destruction       Conj           47%        9d12      6%          7
 Borgnjor's Revivificati  Necr           50%        N/A       17%         8
 Conjure Ball Lightning   Conj/Air       34%        3x3d11    30%         6
 Starburst                Conj/Fire      34%        6d10      30%         6
 Statue Form              Tmut/Erth      45%        N/A       30%         6
 Ozocubu's Refrigeration  Ice            39%        4d16      43%         7
 Disjunction              Tloc           46%        N/A       52%         8
 Blade Hands              Tmut           11%        N/A       88%         5
 Death's Door             Necr           50%        N/A       95%         9
 Shatter                  Erth           47%        3d36*     99%         9
 Eringya's Noxious Bog    Tmut/Pois      11%        N/A       100%        6
 Dragon Form              Tmut           11%        N/A       100%        7
 Enfeeble                 Hex            10%        N/A       100%        7
 Discord                  Hex            10%        N/A       100%        8
 Ignition                 Fire           12%        3d6       100%        8
 Maxwell's Capacitive Co  Air            12%        ∞         100%        8
 Necromutation            Tmut/Necr      36%        N/A       100%        8
 Chain Lightning          Conj/Air       34%        3d46      100%        9
 Fire Storm               Conj/Fire      34%        8d9       100%        9
 Polar Vortex             Ice            39%        N/A       100%        9


Dungeon Overview and Level Annotations

Branches:
Dungeon (15/15)            Temple (0/1) D:6            Lair (5/5) D:11
 Shoals (4/4) Lair:2        Snake (4/4) Lair:2        Slime (0/5) Lair:5
    Orc (2/2) D:10            Elf (3/3) Orc:2        Vaults (5/5) D:14
  Crypt (3/3) Vaults:2       Tomb (0/3) Crypt:3      Depths (4/4) D:15
    Zot (4/5) Depths:4      IceCv (visited)          WizLab (visited)
Gauntlet (visited)

Altars:
Ashenzari
Elyvilon
Fedhas
Gozag
Hepliaklqana
Kikubaaqudgha
Makhleb
Nemelex Xobeh
Sif Muna
Uskayaw
Yredelemnul
Zin
The Shining One
Jiyva

Shops:
D:2 [   Orc:2 [((:   Elf:1 ?   Shoals:1 :   Snake:1 !(*(   Snake:3 :
Snake:4 :   Vaults:2 :   Vaults:3 [   Vaults:5 [

Portals:
Hell: Depths:1 Depths:2 Depths:3
Abyss: Depths:1 Depths:2 Depths:4
Pandemonium: Depths:2 Depths:3
Trove: D:14 (give 6 scrolls of fog)

Annotations:
D:3 exclusions: kobold and phantom
D:9 3 runed translucent doors, BeKind's ghost, novice OgAE
Elf:2 5 runed translucent doors, Roxanne
Crypt:3 exclusion: 2 doors
Depths:3 exclusion: 2 orange crystal statues


Message History

Your quicksilver dragon bites the green draconian monk but does no damage.
Your quicksilver dragon claws the green draconian monk!
The green draconian monk hits your quicksilver dragon but does no damage.
The green draconian monk kicks your quicksilver dragon!!
The green draconian monk tail-slaps your quicksilver dragon. x2
Your quicksilver dragon closely misses the green draconian monk.
Your quicksilver dragon barely misses the green draconian monk.
The black draconian knight hits your moth of wrath with a +4 long sword of protection!!
Your moth of wrath bites the green draconian monk!
Your moth of wrath bites the green draconian monk.
The green draconian monk is no longer berserk.
Your quicksilver dragon bites the green draconian monk!
Your quicksilver dragon closely misses the green draconian monk.
The green draconian monk hits your moth of wrath.
The green draconian monk kicks your moth of wrath!
Your moth of wrath dies!
Your moth of wrath's corpse dissolves into shadows!
The black draconian knight hits your moth of wrath with a +4 long sword of protection!!
Your moth of wrath dies!
Your moth of wrath's corpse dissolves into shadows!
Your quicksilver dragon bites the green draconian monk!!
The green draconian monk dies!
Your base Translocations skill increases to level 14!
As you read the scroll of summoning, it crumbles to dust.
Wisps of shadow whirl around you...
The black draconian knight blocks your quicksilver dragon's attack.
Your quicksilver dragon claws the black draconian knight but does no damage.
The black draconian knight breathes lightning at you.
The bolt of lightning hits your quicksilver dragon!!
The bolt of lightning hits you!!
* * * LOW HITPOINT WARNING * * *
Your quicksilver dragon bites the black draconian knight!!
Your quicksilver dragon claws the black draconian knight.
You feel better.
Your quicksilver dragon barely misses the black draconian knight.
Your quicksilver dragon claws the black draconian knight but does no damage.
The black draconian knight breathes lightning at you.
The bolt of lightning misses your quicksilver dragon.
The bolt of lightning hits you!!
You die...

##.####..#####....####
...#.....#####.)..#######*
.............?[.)....<=..*
.............[...........*
#...#..[.####.....###....*
#...#....#####......#....*
#.......!#####D.....#.,..*
#...........##..z...##,,.***
##.#......).....@...#*,,,,,*
#........[?$.qD.....#*,,,,,*
#..>......#...D.....#*,,,,,*
#.q.......###.......#*,,,***
#######...###.....##...,,*
#######...###.....##.^.,,*
#######.§.####..^.#*,...,*
#######...####......,*..,* *
####...####......,*,,,*


You could see a black draconian knight (fast, invisible, catching breath, ally
target), a friendly shadow dragon (summoned), a friendly storm dragon
(summoned), a friendly death cob (summoned) and a friendly quicksilver dragon
(summoned, berserk).

Vanquished Creatures
  A curse toe (Zot:3)
  A golden dragon (Depths:2)
  Nikola (Shoals:4)
  Jory (Vaults:2)
  2 tentacled monstrosities (Zot:2)
  A shard shrike zombie (Crypt:3)
  Rupert (Lair:5)
  Zenata (Vaults:2)
  Jorgrun (Snake:1)
  4 liches
  2 deep elf blademasters
  A walking divine tome (Depths:2)
  A deep elf master archer (Elf:3)
  3 death cobs (Zot:3)
  Frances (D:14)
  An eldritch tentacle (WizLab)
  4 sphinxes
  4 ancient champions
  A tengu reaver (Vaults:5)
  3 shadow dragons
  2 tentacled starspawn (WizLab)
  Donald (Snake:1)
  2 nagarajas (Snake:4)
  3 revenants
  3 fire giants
  2 vault wardens
  5 frost giants (Depths:2)
  7 deep elf sorcerers
  A draconian knight (Zot:3)
  An orc warlord (Elf:1)
  2 curse skulls (Crypt:1)
  10 ironbound preservers
  A deep elf elementalist (Elf:3)
  A spriggan defender (Depths:2)
  A draconian stormcaller (Depths:4)
  3 ghouls
  4 war gargoyles
  5 stone giants
  A juggernaut skeleton (Crypt:1)
  13 very ugly things
  A reaper (Crypt:2)
  A green draconian (Depths:4)
  5 ironbound thunderhulks
  2 entropy weavers
  19 vampire knights
  4 deep elf annihilators
  4 deep elf demonologists
  11 spark wasps (Depths:2)
  4 dire elephants
  A red draconian (Zot:3)
  A minotaur (Gauntlet)
  3 crystal guardians
  3 eidola
  5 ettins
  6 merfolk javelineers (Shoals:4)
  A fire dragon (Depths:2)
  7 deep elf death magi
  A blizzard demon (Depths:3)
  9 yaktaur captains
  9 merfolk impalers
  The ghost of Junaliek the Protected, a journeyman MiFi of Okawaru (Lair:2)
  7 great orbs of eyes
  7 ice dragons
  14 jiangshi
  4 deep elf high priests
  10 hydras
  2 rakshasas
  A salamander tyrant (Snake:4)
  A merfolk avatar (Shoals:4)
  4 peacekeepers
  A spriggan air mage (Depths:2)
  A catoblepas (Shoals:2)
  17 vault guards
  10 anacondas
  2 boulder beetles
  11 centaur warriors
  2 two-headed ogres
  4 ironbound frosthearts
  A merfolk aquamancer (Shoals:4)
  4 deep troll earth magi (Depths:2)
  12 dancing weapons
  12 naga warriors
  18 death yaks
  6 vampire magi
  2 deep troll shamans (Depths:2)
  2 alligator snapping turtles
  3 tengu warriors
  An Orb Guardian skeleton (Crypt:1)
  Urug (Lair:1)
  A thrashing horror (WizLab)
  7 orc high priests
  3 spriggan berserkers
  7 naga sharpshooters
  2 sun demons
  A soul eater (Crypt:1)
  3 shock serpents
  A hell knight (Vaults:3)
  6 deep elf knights
  A sixfirhy (Depths:2)
  A shadow wraith (Crypt:3)
  39 skeletal warriors
  A bunyip zombie (Crypt:3)
  2 goliath frogs (Lair:5)
  18 deep trolls
  A salamander mystic (Snake:4)
  3 iron trolls
  10 sea snakes
  A flayed ghost (Crypt:2)
  15 phantasmal warriors
  2 glowing orange brains
  4 bog bodies (IceCv)
  2 obsidian statues
  6 deep elf archers
  12 ironbound convokers
  11 lindwurms
  18 orc knights
  Pikel (D:5)
  6 wizards
  4 naga ritualists
  A wolf spider zombie (D:15)
  2 iron dragon zombies (Crypt:3)
  15 deep elf pyromancers
  14 deep elf zephyrmancers
  A cyclops (shapeshifter) (Elf:3)
  13 harpies
  2 large abominations (WizLab)
  A shadow dragon skeleton (Crypt:3)
  6 mana vipers
  A necromancer (IceCv)
  2 wolf spiders
  3 fauns
  3 salamanders
  11 ugly things
  4 moths of wrath
  2 orc sorcerers
  12 manticores
  2 centaur zombies (D:15)
  An eleionoma skeleton (Crypt:1)
  6 cyclopes
  A spectral centaur (D:15)
  A guardian serpent (Snake:3)
  28 black mambas
  8 merfolk sirens
  18 elephants
  An ice statue (Shoals:3)
  10 naga magi
  A naga zombie (Crypt:3)
  9 vault sentinels
  Joseph (D:7)
  2 centaur skeletons
  A gargoyle (D:14)
  A shock serpent skeleton (Crypt:2)
  2 unseen horrors
  4 water nymphs
  An eye of devastation (shapeshifter) (D:13)
  13 cane toads
  3 rime drakes
  A kobold demonologist (D:9)
  17 yaktaurs
  Maggie (D:6)
  Psyche (D:8)
  A hellion (Depths:2)
  18 freezing wraiths
  8 komodo dragons
  A yaktaur (shapeshifter) (D:13)
  4 tengu conjurers
  3 anaconda simulacra (IceCv)
  3 ice devils
  A catoblepas skeleton (Crypt:3)
  4 golden dragon simulacra (IceCv)
  A red devil (Depths:2)
  A hellwing (Depths:2)
  An ancient zyme (WizLab)
  An efreet (D:15)
  3 guardian mummies (Crypt:3)
  5 trolls
  2 polar bears
  A harpy zombie (Crypt:3)
  A merfolk (shapeshifter) (Depths:4)
  9 merfolk
  A hornet (D:6)
  13 blink frogs
  29 slime creatures
  3 wind drakes
  Grinder (D:4)
  3 tyrant leeches
  A slime creature (shapeshifter) (Vaults:5)
  A hydra skeleton (Crypt:3)
  18 dream sheep
  An air elemental (Elf:1)
  4 snapping turtles
  Sigmund (D:6)
  5 shadows
  2 ynoxinuls
  20 water elementals
  3 dire elephant simulacra (IceCv)
  4 wyverns
  2 fire elementals (Elf:1)
  A golden eye (shapeshifter) (Vaults:5)
  53 yaks
  7 wraiths
  9 basilisks
  8 vampire mosquitoes
  2 chaos spawn (WizLab)
  A redback simulacrum (D:14)
  Menkaure (D:5)
  3 steam dragons
  2 redbacks (Vaults:3)
  2 spatial vortices (WizLab)
  3 wargs
  An acid dragon (shapeshifter) (Depths:2)
  Edmund (D:4)
  4 harpy simulacra
  21 nagas
  18 water moccasins
  A fire bat skeleton (WizLab)
  A swamp worm (Gauntlet)
  2 hell hounds (Elf:1)
  A hydra simulacrum (IceCv)
  2 black bears
  2 sky beasts
  A small abomination (WizLab)
  4 ice beasts
  2 alligator simulacra (IceCv)
  41 orc warriors
  3 ogres
  An ettin simulacrum (IceCv)
  A hog zombie (Crypt:2)
  6 boggarts
  29 wolves
  11 centaurs
  2 phantoms (D:4)
  A torpor snail zombie (Crypt:2)
  4 kobold brigands
  A yaktaur zombie (Crypt:1)
  14 bullfrogs
  Blork the orc (D:5)
  4 necrophages
  A wyvern zombie (Crypt:1)
  4 scorpions
  2 deep troll simulacra (IceCv)
  2 gnoll sergeants
  An earth elemental (Elf:1)
  5 wights (D:8)
  5 lindwurm simulacra (IceCv)
  11 killer bees
  A vampire bat (D:6)
  A howler monkey (D:8)
  6 electric eels
  A troll skeleton (Crypt:1)
  A crimson imp (D:7)
  3 hounds
  5 jellies
  35 orc priests
  A human skeleton (Crypt:2)
  Crazy Yiuf (D:5)
  10 hell rats
  2 iguanas
  15 orc wizards
  An ice beast zombie (Crypt:1)
  3 mummies (Crypt:3)
  24 gnolls
  7 adders
  A shadow imp (WizLab)
  5 white imps
  2 ufetubi
  An iguana zombie (Crypt:1)
  A jelly zombie (Crypt:3)
  An iguana skeleton (Crypt:1)
  2 worms
  A dart slug (D:2)
  71 orcs
  11 ball pythons
  7 endoplasms
  2 giant cockroaches (D:1)
  10 goblins
  9 hobgoblins
  5 jackals
  6 quokkas
  A river rat zombie (Crypt:3)
  9 bats
  6 frilled lizards
  A frilled lizard zombie (Crypt:2)
  28 kobolds
  10 rats
  3 starspawn tentacles (WizLab)
1570 creatures vanquished.

Vanquished Creatures (collateral kills)
  An ancient lich (Vaults:5)
  A juggernaut (Depths:2)
  Frederick (Depths:3)
  Saint Roka (Orc:2)
  A caustic shrike (Depths:2)
  2 golden dragons
  An electric golem (Zot:3)
  2 tentacled monstrosities
  An Ice Fiend (Depths:3)
  A lich (Depths:2)
  2 deep elf master archers (Elf:3)
  A titan (Depths:3)
  An eldritch tentacle (Zot:2)
  Polyphemus (Shoals:2)
  3 sphinxes
  2 storm dragons
  2 draconian monks (Zot:3)
  A tengu reaver (Depths:4)
  2 nagarajas (Snake:4)
  A draconian knight (Zot:3)
  A nargun (Depths:3)
  A fire giant (Depths:2)
  A caustic shrike zombie (Crypt:3)
  2 frost giants
  A draconian shifter (Zot:3)
  2 draconian scorchers (Zot:3)
  2 vault wardens (Vaults:4)
  A spriggan defender (Depths:2)
  2 draconian stormcallers (Zot:3)
  7 ironbound preservers
  A curse skull (Crypt:3)
  3 deep elf elementalists (Elf:3)
  7 stone giants
  A war gargoyle (Vaults:4)
  17 very ugly things
  4 draconian annihilators (Zot:3)
  6 vampire knights
  A deep elf demonologist (Elf:3)
  Azrael (Elf:1)
  6 black draconians
  3 green draconians (Zot:3)
  5 dire elephants
  A yellow draconian (Zot:3)
  4 white draconians
  4 deep elf annihilators
  A red draconian (Zot:4)
  2 blizzard demons
  A purple draconian (Depths:4)
  4 merfolk javelineers (Shoals:4)
  An eidolon (Crypt:3)
  3 merfolk impalers
  4 spark wasps (Depths:2)
  3 deep elf death magi
  6 ettins
  3 fire dragons
  A jiangshi (Crypt:1)
  2 deep elf high priests (Vaults:5)
  16 vault guards
  3 yaktaur captains
  A hydra (Lair:5)
  A peacekeeper (Vaults:4)
  7 ice dragons
  A rakshasa (Depths:1)
  7 anacondas
  2 centaur warriors
  4 naga warriors
  3 deep troll shamans
  A dancing weapon (Elf:3)
  An alligator snapping turtle (Shoals:4)
  2 merfolk avatars
  A satyr (Shoals:2)
  3 death yaks
  9 deep troll earth magi
  2 naga sharpshooters
  5 shock serpents
  A spriggan berserker (Depths:4)
  A deep elf knight (Elf:3)
  5 iron trolls
  2 salamander mystics (Snake:4)
  26 skeletal warriors
  4 sea snakes
  A bog body (Crypt:2)
  45 deep trolls
  2 spriggan simulacra
  4 naga ritualists
  An ironbound convoker (Vaults:2)
  An iron giant zombie (Crypt:2)
  A glowing orange brain (Vaults:2)
  2 deep elf archers
  11 harpies
  3 wizards
  6 deep elf pyromancers
  12 phantasmal warriors
  3 lindwurms
  A necromancer (Crypt:2)
  14 ugly things
  9 deep elf zephyrmancers
  A shadow dragon skeleton (Crypt:2)
  10 fauns
  4 mana vipers
  5 manticores
  A cyclops (Shoals:4)
  6 salamanders
  A guardian serpent (Snake:3)
  A dire elephant zombie (Crypt:3)
  6 naga magi
  4 merfolk sirens
  A molten gargoyle (Depths:4)
  9 vault sentinels
  3 water nymphs
  13 black mambas
  A cane toad (Lair:5)
  A naga zombie (Crypt:2)
  A spark wasp simulacrum (Depths:3)
  11 yaktaurs
  2 freezing wraiths (Depths:3)
  An alligator snapping turtle skeleton (Crypt:3)
  A hellwing (Depths:2)
  2 golden dragon simulacra (Depths:3)
  A red devil (Depths:2)
  5 merfolk
  2 wind drakes
  A shadow dragon simulacrum (Crypt:2)
  8 slime creatures
  A hornet (Depths:4)
  5 snapping turtles
  An ettin zombie (Crypt:3)
  A slime creature (shapeshifter) (Depths:2)
  4 dream sheep
  2 blink frogs (WizLab)
  A fire giant simulacrum (Depths:3)
  3 wraiths (Crypt:3)
  A spriggan (Depths:4)
  A dire elephant simulacrum (Crypt:2)
  3 water elementals
  A fire elemental (Elf:1)
  A minotaur simulacrum (IceCv)
  3 swamp worms (Gauntlet)
  21 nagas
  A faun zombie (Crypt:1)
  A floating eye (Depths:2)
  A nameless horror (Crypt:3)
  7 orc warriors (Orc:2)
  A hell hound (Elf:1)
  A swamp dragon zombie (Crypt:3)
  An ettin simulacrum (Depths:3)
  A boggart (WizLab)
  2 wolves (Lair:5)
  A rime drake zombie (Crypt:3)
  A necrophage (Crypt:1)
  An orc priest (Orc:2)
  A jelly (Lair:2)
  An orc (Orc:1)
  A bat skeleton (Crypt:3)
540 creatures vanquished.

Vanquished Creatures (others)
  15 eldritch tentacles
  A draconian annihilator (Zot:3)
  A deep troll earth mage (Depths:2)
  A deep elf knight (Elf:3)
  A deep troll (Depths:2)
  A chaos spawn (Depths:2)
  69 fungi
  145 plants
  3 starspawn tentacles (WizLab)
237 creatures vanquished.

Grand Total: 2347 creatures vanquished

Notes
Turn   | Place    | Note
-------+----------+-------------------------------------------
     0 | D:5      | freelancePsychic the Human Delver began the quest for the
                  | Orb.
     0 | D:5      | Reached XP level 1. HP: 18/18 MP: 1/1
    11 | D:5      | Became a worshipper of Ashenzari the Shackled
    22 | D:5      | Noticed an ice beast
    67 | D:5      | Noticed a necrophage
    67 | D:5      | Noticed a jelly
   186 | D:4      | Noticed Edmund
   268 | D:4      | Noticed a phantom
   285 | D:4      | Noticed a hound
   308 | D:4      | Identified a scroll of acquirement
   308 | D:4      | Acquired the ring "Ehuafut" {Fire rElec Int+4}
   323 | D:4      | Killed a hound
   324 | D:4      | Reached XP level 2. HP: 12/24 MP: 2/2
   324 | D:4      | Reached XP level 3. HP: 14/29 MP: 3/3
   324 | D:4      | Killed a phantom
   325 | D:4      | Reached XP level 4. HP: 19/37 MP: 4/4
   325 | D:4      | Reached XP level 5. HP: 21/42 MP: 5/5
   438 | D:4      | Noticed a phantom
   441 | D:4      | Killed a phantom
   442 | D:4      | Reached skill level 4 in Fighting
   489 | D:4      | Noticed Grinder
   723 | D:3      | Noticed a phantom
   753 | D:3      | Reached XP level 6. HP: 15/48 MP: 6/6
  1634 | D:2      | Reached skill level 1 in Long Blades
  1634 | D:2      | Reached skill level 1 in Evocations
  1825 | D:2      | Reached * piety under Ashenzari
  2008 | D:2      | Reached skill level 1 in Polearms
  2016 | D:2      | Acquired a manual of Evocations
  2367 | D:2      | Found Nuntuas's Antique Armour Shoppe.
  3024 | D:1      | Reached ** piety under Ashenzari
  3757 | D:3      | Reached XP level 7. HP: 49/55 MP: 5/7
  4061 | D:3      | Identified the +4 ring mail of the Frog {Will+++ Regen+
                  | rCorr Stlth-}
  4255 | D:2      | Bought a runed helmet for 180 gold pieces
  4507 | D:4      | Found a sparkling altar of Nemelex Xobeh.
  4667 | D:4      | Reached skill level 5 in Fighting
  4667 | D:4      | Reached skill level 1 in Armour
  4903 | D:5      | Reached XP level 8. HP: 58/62 MP: 4/8
  5097 | D:5      | Noticed Blork the orc
  5112 | D:5      | Killed Blork the orc
  5160 | D:5      | Found a shimmering blue altar of Sif Muna.
  5251 | D:5      | Noticed Menkaure
  5342 | D:5      | Noticed Pikel
  5365 | D:5      | Killed Pikel
  5366 | D:5      | Reached skill level 6 in Fighting
  5366 | D:5      | Reached skill level 5 in Polearms
  5446 | D:6      | Noticed a hornet
  5497 | D:5      | Killed Menkaure
  5498 | D:5      | Reached XP level 9. HP: 69/69 MP: 6/9
  5522 | D:5      | Identified the cursed scarf "Omniscient Portent"
                  | {repulsion, Fort, Evo} (You found it on level 3 of the
                  | Dungeon)
  5649 | D:5      | Found a runed translucent door.
  5650 | D:5      | Noticed Crazy Yiuf
  5666 | D:5      | Killed Crazy Yiuf
  5849 | D:6      | Found a staircase to the Ecumenical Temple.
  5898 | D:6      | Noticed Maggie
  5998 | D:6      | Noticed Sigmund
  6021 | D:6      | Killed Sigmund
  6216 | D:7      | Noticed Joseph
  6248 | D:7      | Killed Joseph
  6249 | D:7      | Reached skill level 7 in Fighting
  6537 | D:6      | Reached *** piety under Ashenzari
  6638 | D:6      | Reached skill level 1 in Shields
  6638 | D:6      | Reached XP level 10. HP: 79/79 MP: 10/10
  7020 | D:7      | Found a burning altar of Makhleb.
  7439 | D:2      | Bought a pair of runed gloves for 180 gold pieces
  7604 | D:4      | Killed Edmund
  7649 | D:4      | Killed Grinder
  7818 | D:6      | Found a blossoming altar of Fedhas.
  7858 | D:6      | Reached skill level 8 in Fighting
  7988 | D:6      | Killed Maggie
  8041 | D:6      | Acquired 478 gold pieces
  8485 | D:8      | Reached skill level 10 in Polearms
  8654 | D:8      | Reached **** piety under Ashenzari
  8768 | D:8      | Noticed Psyche
  8809 | D:8      | Killed Psyche
  8810 | D:8      | Reached XP level 11. HP: 86/87 MP: 11/11
  9079 | D:8      | Reached skill level 1 in Necromancy
  9079 | D:8      | Reached skill level 1 in Earth Magic
  9141 | D:9      | Found a hide-covered altar of Uskayaw.
  9280 | D:9      | Noticed a sun demon
  9283 | D:9      | Reached skill level 5 in Evocations
  9597 | D:8      | Reached skill level 5 in Shields
  9663 | D:9      | Noticed a two-headed ogre
  9666 | D:9      | Found a white marble altar of Elyvilon.
  9747 | D:9      | Reached skill level 9 in Fighting
  9773 | D:9      | Learned a level 5 spell: Borgnjor's Vile Clutch
  9809 | D:9      | Reached ***** piety under Ashenzari
  9888 | D:9      | Found a runed translucent gate.
  9888 | D:9      | Found a runed translucent gate.
  9888 | D:9      | Found a runed translucent gate.
  9888 | D:9      | Noticed BeKind's ghost (novice OgAE)
  9896 | D:9      | Found an opulent altar of Gozag.
  9972 | D:9      | Killed a two-headed ogre
 10465 | D:10     | Entered Level 10 of the Dungeon
 10843 | D:10     | Found a staircase to the Orcish Mines.
 11400 | D:10     | Noticed a two-headed ogre
 11408 | D:10     | Killed a two-headed ogre
 11804 | D:11     | Reached XP level 12. HP: 80/97 MP: 10/12
 11833 | D:11     | Noticed a four-headed hydra
 11853 | D:11     | Killed a four-headed hydra
 11950 | D:11     | Reached skill level 5 in Armour
 12180 | D:11     | Reached skill level 10 in Fighting
 12246 | D:11     | Reached skill level 5 in Necromancy
 12246 | D:11     | Reached skill level 5 in Earth Magic
 12333 | D:11     | Found a staircase to the Lair.
 13085 | D:12     | Noticed a skeletal warrior
 13100 | D:12     | Killed a skeletal warrior
 13104 | D:12     | Noticed a skeletal warrior
 13104 | D:12     | Noticed a skeletal warrior
 13104 | D:12     | Noticed a skeletal warrior
 13115 | D:12     | Killed a skeletal warrior
 13127 | D:12     | Noticed a skeletal warrior
 13138 | D:12     | Killed a skeletal warrior
 13143 | D:12     | Killed a skeletal warrior
 13155 | D:12     | Killed a skeletal warrior
 13209 | D:12     | Reached XP level 13. HP: 101/105 MP: 10/13
 13360 | D:12     | Reached skill level 11 in Fighting
 13649 | D:13     | Noticed a centaur warrior
 13691 | D:13     | Killed a centaur warrior
 13824 | Lair:1   | Entered Level 1 of the Lair of Beasts
 14412 | Lair:1   | Noticed Urug
 14412 | Lair:1   | Noticed a six-headed hydra
 14505 | Lair:2   | Found a staircase to the Shoals.
 14701 | Lair:2   | Found a staircase to the Snake Pit.
 14942 | Lair:2   | Noticed an eight-headed hydra
 14956 | Lair:2   | Killed an eight-headed hydra
 15038 | Lair:2   | Found a runed translucent gate.
 15038 | Lair:2   | Found a runed translucent gate.
 15038 | Lair:2   | Found a runed translucent gate.
 15041 | Lair:2   | Noticed Junaliek's ghost (journeyman MiFi)
 15044 | Lair:2   | Found a viscous altar of Jiyva.
 15398 | Lair:2   | Reached skill level 12 in Fighting
 15707 | Lair:3   | Reached skill level 1 in Spellcasting
 15939 | Lair:3   | Reached XP level 14. HP: 94/116 MP: 4/17
 17412 | Lair:3   | Reached skill level 13 in Fighting
 17414 | Lair:3   | Reached skill level 10 in Evocations
 17848 | Lair:4   | Reached skill level 5 in Spellcasting
 18284 | Lair:5   | Entered Level 5 of the Lair of Beasts
 19102 | Lair:5   | Reached XP level 15. HP: 98/123 MP: 12/24
 19183 | Lair:5   | Noticed Rupert
 19298 | Lair:5   | Reached skill level 14 in Fighting
 19443 | Lair:5   | Killed Rupert
 20093 | Lair:5   | Reached skill level 5 in Dodging
 20354 | Lair:5   | Identified the +1 morningstar "Husafuv" {vorpal, rElec
                  | Int+6 Dex+4}
 21012 | Lair:5   | Found a staircase to the Slime Pits.
 21387 | Lair:1   | Killed Urug
 21483 | Lair:2   | Learned a level 6 spell: Death Channel
 21508 | Lair:2   | Killed Junaliek's ghost
 21624 | Orc:1    | Entered Level 1 of the Orcish Mines
 21717 | Orc:2    | Entered Level 2 of the Orcish Mines
 21717 | Orc:2    | Noticed Saint Roka
 21724 | Orc:2    | Reached skill level 10 in Necromancy
 21791 | Orc:2    | Killed Saint Roka
 22027 | Orc:2    | Found a staircase to the Elven Halls.
 22409 | Orc:2    | Reached XP level 16. HP: 108/134 MP: 17/27
 22544 | Orc:2    | Reached skill level 15 in Fighting
 22992 | Orc:2    | Found Gesil's Antique Weapon Emporium.
 22993 | Orc:2    | Found Woymeopi's Antique Weapon Shoppe.
 22993 | Orc:2    | Found Zehul's Armour Emporium.
 22994 | Orc:2    | Found Pyfeygoge's Book Emporium.
 23003 | Orc:2    | Bought a +0 pair of boots for 63 gold pieces
 23014 | Orc:2    | Bought a book of Touch for 338 gold pieces
 23014 | Orc:2    | Bought a book of the Earth for 468 gold pieces
 23203 | D:13     | Learned a level 4 spell: Dispel Undead
 23427 | D:13     | Reached ****** piety under Ashenzari
 24864 | D:14     | Identified the +6 falchion "Hususo" {protect, rF+}
 25258 | D:14     | Noticed Frances
 25275 | D:14     | Killed Frances
 25295 | D:14     | Found a gate to the Vaults.
 25440 | D:14     | Found a portal to a secret trove of treasure.
 25577 | D:14     | Reached XP level 17. HP: 143/143 MP: 23/28
 25676 | D:15     | Entered Level 15 of the Dungeon
 25728 | D:15     | Found a gate leading to a gauntlet.
 25737 | Gauntlet | Entered a Gauntlet
 25737 | Gauntlet | Found a transporter.
 25740 | Gauntlet | Found a transporter.
 25755 | Gauntlet | Found a transporter.
 25756 | Gauntlet | Found a transporter.
 25766 | Gauntlet | Found a transporter.
 25766 | Gauntlet | Identified the +2 helmet of Siett {rC+ Str-5 Int+4 Dex+2}
 25786 | Gauntlet | Found a transporter.
 25791 | Gauntlet | Found a transporter.
 25795 | Gauntlet | Found a transporter.
 25795 | Gauntlet | Identified the +1 cloak "Col Mer" {rN++ Regen+ rCorr SInv}
 25797 | Gauntlet | Found a runed translucent door.
 25814 | Gauntlet | Found a large runed translucent door.
 25814 | Gauntlet | Found a large runed translucent door.
 25815 | Gauntlet | Found a large runed translucent door.
 25816 | Gauntlet | Found a large runed translucent door.
 25817 | Gauntlet | Found a runed translucent gate.
 25818 | Gauntlet | Found a transporter.
 25818 | Gauntlet | Found a runed translucent gate.
 25819 | Gauntlet | Found a runed translucent gate.
 25821 | Gauntlet | Found a large runed translucent door.
 25822 | Gauntlet | Found a large runed translucent door.
 25830 | Gauntlet | Found a large runed translucent door.
 25831 | Gauntlet | Found a large runed translucent door.
 25832 | Gauntlet | Found a large runed translucent door.
 25832 | Gauntlet | Found a large runed translucent door.
 25832 | Gauntlet | Found a runed translucent door.
 25832 | Gauntlet | Found a runed translucent door.
 25833 | Gauntlet | Found a large runed translucent door.
 25834 | Gauntlet | Found a large runed translucent door.
 25836 | Gauntlet | Found a transporter.
 25840 | Gauntlet | Found a transporter.
 25842 | Gauntlet | Found a runed translucent door.
 25843 | Gauntlet | Found a large runed translucent door.
 25843 | Gauntlet | Found a large runed translucent door.
 25843 | Gauntlet | Found a large runed translucent door.
 25844 | Gauntlet | Found a runed translucent door.
 25848 | Gauntlet | Found a transporter.
 25874 | Gauntlet | Found a large runed translucent door.
 26012 | Gauntlet | Identified the ring "Woali" {Will+ Dex+4}
 26039 | Gauntlet | Identified the amulet "Cosynt" {Acrobat Contam rPois Int+9
                  | Dex-3}
 26103 | D:15     | Found a glowing silver altar of Zin.
 26260 | D:15     | Reached skill level 16 in Fighting
 26696 | D:15     | Found a staircase to the Depths.
 26826 | D:15     | Reached skill level 10 in Shields
 27214 | Snake:1  | Entered Level 1 of the Snake Pit
 27496 | Snake:1  | Found Galiwne's Distillery.
 27497 | Snake:1  | Found Olymu's General Store.
 27497 | Snake:1  | Found Tyd Weaq's Antique Weapon Shoppe.
 27558 | Snake:1  | Found Giodweoc's Weapon Emporium.
 27605 | Snake:1  | Noticed Donald
 27620 | Snake:1  | Killed Donald
 27625 | Snake:1  | Reached skill level 17 in Fighting
 27908 | Snake:1  | Learned a level 6 spell: Simulacrum
 27974 | Snake:1  | Noticed Jorgrun
 27993 | Snake:1  | Killed Jorgrun
 27994 | Snake:1  | Reached skill level 1 in Ice Magic
 28422 | Snake:2  | Reached skill level 18 in Fighting
 28502 | Snake:2  | Reached XP level 18. HP: 157/157 MP: 4/29
 28669 | Snake:2  | Identified the +7 spear "Onka" {protect, Str-3 Int+4}
 28878 | Snake:2  | Reached skill level 5 in Ice Magic
 29490 | Snake:3  | Found Zulecu's Book Shop.
 30318 | Snake:4  | Entered Level 4 of the Snake Pit
 30339 | Snake:4  | Reached skill level 19 in Fighting
 30782 | Snake:4  | Found Qoanliuc's Book Emporium.
 31482 | Snake:4  | Reached skill level 20 in Fighting
 31928 | Snake:4  | Reached XP level 19. HP: 52/169 MP: 5/32
 32064 | Snake:4  | Got a serpentine rune of Zot
 32452 | Snake:3  | Bought a book of Power for 714 gold pieces
 32452 | Snake:3  | Bought a Necronomicon for 952 gold pieces
 32554 | Shoals:1 | Entered Level 1 of the Shoals
 33136 | Shoals:1 | Reached skill level 1 in Summonings
 33218 | Shoals:1 | Found Feett's Self-Improvement Boutique.
 33642 | Shoals:2 | Reached skill level 10 in Spellcasting
 33728 | Shoals:2 | Noticed Polyphemus
 33733 | Shoals:2 | Killed Polyphemus
 34274 | Shoals:2 | Reached skill level 5 in Summonings
 34608 | Shoals:3 | Found a frozen archway.
 34735 | IceCv    | Entered an ice cave
 35321 | IceCv    | Found an ancient bone altar of Kikubaaqudgha.
 35690 | IceCv    | Noticed a lich
 35715 | IceCv    | Killed a lich
 36611 | Shoals:4 | Entered Level 4 of the Shoals
 36611 | Shoals:4 | Noticed Nikola
 36623 | Shoals:4 | Killed Nikola
 36624 | Shoals:4 | Reached XP level 20. HP: 167/176 MP: 25/34
 37138 | Shoals:4 | Identified Sif Muna's Folio of Telluric Blows and Bruises
 37463 | Shoals:4 | Reached skill level 1 in Conjurations
 37626 | Shoals:4 | Got a barnacled rune of Zot
 37645 | Shoals:4 | Identified the +3 quarterstaff of the Mind {vorpal, Dex+4}
 37845 | Shoals:4 | Learned a level 7 spell: Spellforged Servitor
 37852 | Shoals:4 | Learned a level 6 spell: Iron Shot
 37874 | Shoals:4 | Identified the ring of Maimuwn {rF+ SInv}
 38085 | Elf:1    | Entered Level 1 of the Elven Halls
 38090 | Elf:1    | Paralysed by an air elemental for 1 turns
 38097 | Elf:1    | Paralysed by an air elemental for 1 turns
 38505 | Elf:1    | Found Loxeuh's Magic Scroll Shop.
 38509 | Elf:1    | Bought a scroll of enchant armour for 127 gold pieces
 38638 | Elf:1    | Reached skill level 15 in Shields
 38730 | Elf:1    | Identified the Compendium of Attacks and the Gathering
 38995 | Elf:1    | Noticed Azrael
 39006 | Elf:1    | Killed Azrael
 39509 | Elf:1    | Reached skill level 5 in Conjurations
 39648 | Elf:2    | Identified the +2 pair of boots of the Puckish God {Harm}
 39683 | Elf:2    | Found a huge runed translucent gate.
 39683 | Elf:2    | Found a huge runed translucent gate.
 39683 | Elf:2    | Found a huge runed translucent gate.
 39683 | Elf:2    | Found a huge runed translucent gate.
 39683 | Elf:2    | Found a huge runed translucent gate.
 39964 | Elf:2    | Reached XP level 21. HP: 171/183 MP: 10/35
 40071 | Elf:2    | Found a shimmering blue altar of Sif Muna.
 40169 | Elf:2    | Identified Roxanne's Almanac of Terra Firma
 40169 | Elf:2    | Noticed Roxanne
 40367 | Elf:3    | Entered Level 3 of the Elven Halls
 40412 | Elf:3    | Noticed a Brimstone Fiend
 40542 | Elf:2    | Reached skill level 10 in Conjurations
 42197 | Vaults:1 | Entered Level 1 of the Vaults
 42385 | Vaults:1 | Identified the +9 short sword of Joada {speed, Str+4}
 42404 | Vaults:1 | Identified the +0 scale mail of Hupoig {+Inv rPois rF-
                  | Int+3}
 43046 | Vaults:1 | Reached XP level 22. HP: 190/190 MP: 31/36
 43119 | Vaults:1 | Reached skill level 10 in Summonings
 44102 | Vaults:2 | Noticed Zenata
 44130 | Vaults:2 | Killed Zenata
 44236 | Vaults:2 | Found Oqanud's Book Boutique.
 44269 | Vaults:2 | Found a basalt altar of Yredelemnul.
 44277 | Vaults:2 | Found a staircase to the Crypt.
 44284 | Vaults:2 | Found an ancient bone altar of Kikubaaqudgha.
 44588 | Vaults:2 | Found the +5 lochaber axe {reach-cleave, poleaxe}
 44754 | Vaults:2 | Noticed Jory
 44760 | Vaults:2 | Killed Jory
 46191 | Vaults:3 | Identified the +3 plate armour "Kuqept" {Regen+}
 46369 | Vaults:3 | Found Toopuror's Armour Emporium.
 46496 | Vaults:3 | Reached skill level 15 in Summonings
 46523 | Vaults:3 | Reached XP level 23. HP: 185/196 MP: 37/37
 46789 | Vaults:3 | Identified the +1 scale mail of Misanthropy {Slay+6}
 48719 | Vaults:5 | Entered Level 5 of the Vaults
 48719 | Vaults:5 | Noticed an ancient lich
 48818 | Vaults:5 | Found Fiuklama's Armour Shoppe.
 48826 | Vaults:5 | Got a silver rune of Zot
 48834 | Vaults:5 | Noticed a golden dragon
 49005 | Vaults:5 | Identified the Secrets of Filthy Transmutation
 49020 | Vaults:5 | Identified the +1 ring mail of Mifi {Fly MP+9}
 49159 | Vaults:5 | Reached XP level 24. HP: 89/202 MP: 1/37
 49303 | Vaults:5 | Noticed an ancient lich
 49319 | Vaults:5 | Killed an ancient lich
 49677 | Crypt:1  | Entered Level 1 of the Crypt
 49930 | Crypt:1  | Learned a level 8 spell: Lehudib's Crystal Spear
 50769 | Crypt:2  | Found an ancient bone altar of Kikubaaqudgha.
 51136 | Crypt:2  | Reached skill level 10 in Dodging
 51343 | Crypt:2  | Reached skill level 10 in Earth Magic
 52187 | Crypt:3  | Entered Level 3 of the Crypt
 52808 | Crypt:3  | Reached XP level 25. HP: 158/210 MP: 0/37
 53622 | Crypt:3  | Found a staircase to the Tomb.
 53852 | Crypt:3  | Found a basalt altar of Yredelemnul.
 54186 | Crypt:3  | Identified the +1 spear "Duacs" {elec, rPois MP-9 Int+4}
 54186 | Crypt:3  | Identified Xukovuri's Codex of Cloudy Shaping
 54760 | Depths:1 | Entered Level 1 of the Depths
 54788 | Depths:1 | Found a one-way gate to the infinite horrors of the Abyss.
 54884 | Depths:2 | Reached skill level 15 in Dodging
 55338 | Depths:2 | Found a magical portal.
 55365 | WizLab   | Entered The Roulette of Golubria
 55365 | WizLab   | Found a transporter.
 55463 | WizLab   | Identified the +0 cloak "Sexill" {rC+ SInv}
 55463 | WizLab   | Found a corrupted altar of Lugonu.
 55519 | WizLab   | Found a transporter.
 55569 | WizLab   | Found a transporter.
 55575 | WizLab   | Found a transporter.
 55577 | WizLab   | Found a transporter.
 55596 | WizLab   | Found a transporter.
 55604 | WizLab   | Found a transporter.
 55652 | WizLab   | Found a transporter.
 55654 | WizLab   | Found a corrupted altar of Lugonu.
 55661 | WizLab   | Found a transporter.
 55661 | WizLab   | Found a transporter.
 55689 | WizLab   | Found a transporter.
 55689 | WizLab   | Found a transporter.
 55703 | WizLab   | Identified the Disquisition on Peregrination
 55719 | WizLab   | Identified Tiecuyrgh's Discursus on the Wayfarer
 55719 | WizLab   | Found a transporter.
 55719 | WizLab   | Found a transporter.
 55751 | WizLab   | Found a transporter.
 55751 | WizLab   | Found a transporter.
 55756 | WizLab   | Reached skill level 1 in Translocations
 55775 | WizLab   | Learned a level 7 spell: Malign Gateway
 55854 | WizLab   | Found a corrupted altar of Lugonu.
 55863 | WizLab   | Found a transporter.
 55863 | WizLab   | Found a transporter.
 56057 | Depths:2 | Found a one-way gate leading to the halls of Pandemonium.
 56657 | Depths:1 | Reached XP level 26. HP: 201/218 MP: 36/37
 57130 | Depths:1 | Found a gateway to Hell.
 57300 | Depths:1 | Found a glowing golden altar of the Shining One.
 57544 | Depths:2 | Identified the ring of the Evening {Will+ SInv Stlth+}
 57759 | Depths:2 | Identified the +7 broad axe of Noal {holy, Str+3}
 57891 | Depths:2 | Noticed a juggernaut
 57903 | Depths:2 | Killed a juggernaut
 58145 | Depths:2 | Reached skill level 5 in Translocations
 58476 | Depths:2 | Found a hazy altar of Hepliaklqana.
 59008 | Depths:3 | Found a flickering gateway to a bazaar.
 59008 | Depths:3 | Noticed Frederick
 59030 | Depths:3 | Killed Frederick
 59045 | Bazaar   | Entered a bazaar
 59045 | Bazaar   | Found Voehim's Magic Scroll Boutique.
 59045 | Bazaar   | Found Foquar's Antique Weapon Shop.
 59045 | Bazaar   | Found Veimnagi's Magic Scroll Shop.
 59045 | Bazaar   | Found Haiczuwo's Armour Boutique.
 59045 | Bazaar   | Found Pytag's Jewellery Boutique.
 59132 | Bazaar   | Bought a scroll of fog for 52 gold pieces
 59132 | Bazaar   | Bought a scroll of teleportation for 39 gold pieces
 59142 | Bazaar   | Bought a scroll of fear for 32 gold pieces
 59142 | Bazaar   | Bought a scroll of teleportation for 24 gold pieces
 59342 | Depths:3 | Identified the +8 hand axe of Vulim {freeze, Str+4}
 59663 | Depths:4 | Entered Level 4 of the Depths
 59877 | Depths:3 | Reached skill level 10 in Translocations
 60040 | Depths:4 | Found a gate to the Realm of Zot.
 60156 | Zot:1    | Entered Level 1 of the Realm of Zot
 60222 | Zot:2    | Reached XP level 27. HP: 195/224 MP: 19/37
 60254 | Zot:2    | Identified the +3 trident of the Blessed Realm {elec,
                  | Fragile rF++ rC+ rCorr}
 61055 | Zot:4    | Identified the +8 scimitar "Sucaot" {vamp, Str+2 Int+6}
 61433 | Zot:3    | HP: 4/219 [black draconian knight/bolt of lightning (35)]
 61434 | Zot:3    | Killed from afar by a black draconian knight

Illustrated notes

Levels and vault maps discovered:
D:1:      evilmike_arrival_hilbert_curve, layout_loops_ring, hex_large
D:2:      layout_loops_cross, serial_shops, shop
D:3:      layout_basic, minmay_three_crescents
D:4:      layout_gridville, nicolae_overflow_crystal_walls,
          grunt_decor_arrowhead, uniq_grinder, uniq_edmund
D:5:      layout_loops_ring, led_sif_pool, ashenzari_conservatory_becter,
          uniq_menkaure, uniq_pikel, uniq_crazy_yiuf_cottage, uniq_blork_the_orc
D:6:      layout_basic, fedhas_bush_and_centaur_altar,
          minmay_temple_entry_stoned_glass, roderic_batcave,
          kennysheep_generic_room_11, uniq_maggie, uniq_sigmund
D:7:      layout_loops_ring, makhleb_grotto_becter, uniq_joseph
D:8:      layout_loops_cross, minmay_quadrilaterals, uniq_psyche
D:9:      layout_grid_maze, elyvilon_altar_5, mainiacjoe_overflow_tiny_flanked,
          general_overflow_altar, gammafunk_ghost_necromancy, wad_dig_loot
D:10:     layout_layer_cave, erik_orc_3
D:11:     layout_stronghold, minmay_lair_entry_grove, serial_ice, serial_ice_l,
          serial_ice_o, serial_ice_h, serial_ice_m
D:12:     layout_roguey
D:13:     layout_basic
D:14:     layout_loops_ring, erik_vaults_2, enter_trove_6,
          roderic_roman_lattice, lightli_minifort, uniq_frances
D:15:     hangedman_depths_entry_try_elsewhere_first, layout_basic,
          gauntlet_entry_generic, nicolae_kite_square_tiling_tiny,
          chequers_serial_rivers_small_b, hangedman_weighted_door, zin_academy
Lair:1:   layout_chaotic_city, st_stairs_8, minivault_19, uniq_urug
Lair:2:   layout_chaotic_city, elwin_shoals_entry_rocks,
          guppyfry_snake_entry_island, gammafunk_ghost_ooze
Lair:3:   layout_loops_ring, infiniplex_staircase_pool_2, grunt_megastairs_2,
          lemuel_fruit_fields
Lair:4:   layout_gridlike, lemuel_fruit_fields, serial_bayou_shore_b
Lair:5:   minmay_lair_end_frog_pond, layout_loops_ring,
          dpeg_slime_entry_enclosed, st_stairs_13, uniq_rupert
Shoals:1: layout_shoals, nicolae_shop_self_help
Shoals:2: layout_shoals, uniq_polyphemus
Shoals:3: layout_shoals, portal_ice_cave_entry_ice_statue_one
Shoals:4: shoals_end_simple, layout_shoals, uniq_nikola
Snake:1:  layout_cave_shapes, lemuel_fruit_tree, minmay_shoptagon, uniq_donald,
          uniq_jorgrun
Snake:2:  layout_cave_shapes
Snake:3:  layout_gridlike, minmay_shop_star
Snake:4:  snake_pit, layout_cave_town, serial_shops, nicolae_shop_trees,
          nicolae_snake_guarding_the_ruins
Orc:1:    layout_caves, gammafunk_ghost_cemetery
Orc:2:    st_orc_pillars, layout_diamond_mine, uniq_saint_roka
Elf:1:    nicolae_elf_arrival_aired_out, layout_gridlike, serial_shops,
          nicolae_shop_stone, special_room [special_room_orc],
          minmay_elf_sorcery, uniq_azrael
Elf:2:    elven_hall_of_blades_hangedman_alternative [nicolae_blade_bullseye],
          layout_geoelf_octagon, basic_altar, uniq_roxanne
Elf:3:    minmay_elf_hall_furrowed, layout_rooms, minmay_misc_feat_diagonals,
          nicolae_concentric_dashed_squares_mild, minivault_5
Vaults:1: vaults_room_pool, nicolae_vaults_little_squares_5,
          nicolae_vaults_mini_display_case, v_rooms_3, v_misc_29,
          ontoclasm_vaults_ring_large, vaults_dpeg_diagonal,
          nicolae_vaults_windows_and_doors_thing, v_pattern_4,
          ontoclasm_vaults_ring_small, nicolae_vaults_three_branches,
          vaults_dpeg_hooks, ontoclasm_vaults_ligature,
          grunt_vaults_hallway_short, layout_vaults_omnibox, serial_glass
Vaults:2: hangedman_vaults_stretched_pinwheel, minmay_crypt_entry_necro_gods,
          v_misc_30, grunt_vaults_bifocal, vaults_dpeg_doors,
          grunt_vaults_hallway_long, v_misc_2, vaults_room_hallway,
          vaults_room_semicircle, ontoclasm_vaults_eye,
          vaults_standard_mumra_enter_the_diamond,
          ontoclasm_vaults_water_temple, ontoclasm_vaults_loading_screen,
          v_misc_26, vaults_room_pools, layout_vaults_big_cross, serial_shops,
          nicolae_shop_behind_doors, uniq_jory, uniq_zenata
Vaults:3: hangedman_vaults_pinch, hangedman_vaults_hard_town_square,
          nicolae_vaults_ninety_degrees, ontoclasm_vaults_loading_screen,
          hangedman_vaults_snaps, dpeg_vaults_monster_row, grunt_vaults_focal,
          vaults_room_pool, vaults_room_stairs_pillars,
          nicolae_vaults_shelves_hall, nicolae_vaults_diagonal_hallway_6,
          nicolae_vaults_angled_halls, layout_vaults_ring, serial_shops,
          nicolae_shop_statue_plus, uniq_margery
Vaults:4: v_rooms_6, v_misc_16, vaults_room_fours, v_pattern_3, v_alt_pattern_6,
          hangedman_vaults_maws, nicolae_vaults_gold_heap,
          nicolae_vaults_shelves_hall, hangedman_vaults_slice,
          grunt_vaults_diagonal, layout_vaults_omnigrid
Vaults:5: serial_shops
Crypt:1:  layout_misc_corridors
Crypt:2:  layout_chaotic_city, basic_altar, grunt_megastairs_4
Crypt:3:  church_of_pain_bobbens, layout_chaotic_city,
          nicolae_tomb_entry_grand_gallery
Depths:1: layout_cave_pools, grunt_hell_entry_dis_mu, abyss_entry,
          serial_sigils_hangedman_etch, tso_altar
Depths:2: minmay_the_grid_square_5x5_5x5
          [minmay_the_grid_square_5x5_spiral_small,
          minmay_the_grid_square_5x5_intrusive_squares,
          minmay_the_grid_square_5x5_minivault,
          minmay_the_grid_square_5x5_two_small,
          minmay_the_grid_square_5x5_inner_i,
          minmay_the_grid_square_5x5_moneybag,
          minmay_the_grid_square_5x5_prize_deathbox,
          minmay_the_grid_square_5x5_one_wall,
          minmay_the_grid_square_5x5_prize_snowflake,
          minmay_the_grid_square_5x5_bridge,
          minmay_the_grid_square_5x5_bracketed,
          minmay_the_grid_square_5x5_empty,
          minmay_the_grid_square_5x5_prize_monsterx,
          minmay_the_grid_square_5x5_tri_point,
          minmay_the_grid_square_5x5_checkered, minmay_the_grid_square_5x5_c,
          minmay_the_grid_square_5x5_prize_open,
          minmay_the_grid_square_5x5_three_walls,
          minmay_the_grid_square_5x5_prize_junk,
          minmay_the_grid_square_5x5_six_small,
          minmay_the_grid_square_5x5_half_checkered,
          minmay_the_grid_square_5x5_tetrominoes,
          minmay_the_grid_square_5x5_two_walls_a,
          minmay_the_grid_square_5x5_misaligned,
          minmay_the_grid_square_5x5_eight], layout_basic,
          infiniplex_enter_wizlab_spiral, abyss_entry, grunt_pan_entry_zigzag,
          hell_entry, lemuel_tele_altar
Depths:3: dreamdust_isle_of_ice, layout_gridlike, abyss_entry_small_statue_room,
          minmay_door_square, hell_entry, pan_entry, serial_shops,
          bzr_entry_dummy, infiniplex_staircase_zigzag_2, uniq_frederick
Depths:4: evilmike_zot_entry_basic, layout_cave_pools, enter_ziggurat_f,
          lightli_too_deep, abyss_entry, chequers_serial_rivers_room_b,
          rand_demon_pan_entry_1, ebering_ghost_xom, minmay_shop_grove
Zot:1:    layout_twisted_circle, uniq_josephina, uniq_parghit
Zot:2:    layout_basic
Zot:3:    kennysheep_blocky_room, layout_misc_corridors
Zot:4:    layout_onion_interference, lemuel_golem_globe

Skill      XL: |  1  2  3  4  5  6  7  8  9 10 11 12 13 14 15 16 17 18 19 20 21 22 23 24 25 26 27 |
---------------+----------------------------------------------------------------------------------+-----
Short Blades   | 3 |  3.6
Fighting       | 4 5 6 7 8 9 10 12 13 14 15 18 20 | 20.0
Long Blades    | 1 |  1.2
Evocations     | 1 2 4 6 8 10 | 10.6
Polearms       | 1 3 6 8 10 11 | 11.4
Armour         | 1 3 4 6 |  6.6
Shields        | 1 4 5 8 10 13 15 | 15.2
Necromancy     | 4 6 8 10 12 13 14 | 14.6
Earth Magic    | 4 6 8 10 11 | 11.3
Spellcasting   | 2 6 7 9 10 | 10.9
Dodging        | 3 6 7 12 17 | 17.2
Ice Magic      | 4 6 |  6.2
Summonings     | 6 9 15 17 | 17.1
Conjurations   | 7 11 13 14 | 14.7
Translocations | 3 11 14 | 14.0
Stealth        | |  5.5

Action                   |  1- 3 |  4- 6 |  7- 9 | 10-12 | 13-15 | 16-18 | 19-21 | 22-24 | 25-27 || total
-------------------------+-------+-------+-------+-------+-------+-------+-------+-------+-------++-------
Melee: Dagger            |     4 |    41 |       |       |       |       |       |       |       ||    45
       Short sword       |     3 |       |       |       |       |       |       |       |       ||     3
       Spear             |       |   131 |   424 |  1481 |  1984 |       |       |       |       ||  4020
       Long sword        |       |    58 |       |       |       |       |       |       |       ||    58
       Punch             |       |     1 |     3 |       |       |       |       |       |       ||     4
       Demon trident     |       |       |       |       |   117 |  1094 |  1255 |  1530 |  1240 ||  5236
Throw: Javelin           |       |       |     4 |     2 |       |       |       |       |       ||     6
       Throwing net      |       |       |     2 |       |     1 |       |       |       |       ||     3
 Cast: Borgnjor's Vile C |       |       |       |       |    91 |    80 |    86 |    50 |    62 ||   369
       Death Channel     |       |       |       |       |     6 |    26 |    18 |    19 |    13 ||    82
       Dispel Undead     |       |       |       |       |       |    26 |    40 |    80 |    46 ||   192
       Simulacrum        |       |       |       |       |       |    41 |    75 |    13 |    21 ||   150
       Spellforged Servi |       |       |       |       |       |       |     6 |    45 |    41 ||    92
       Malign Gateway    |       |       |       |       |       |       |       |       |    16 ||    16
Invok: Curse Item        |       |     4 |     1 |     5 |     1 |     3 |     1 |       |     1 ||    16
       Shatter the Chain |       |       |     1 |       |     2 |     1 |     1 |       |     1 ||     6
Evoke: Wand              |     5 |     6 |     1 |    18 |     9 |     5 |     1 |     3 |     5 ||    53
       Tin of tremorston |       |       |       |     1 |     7 |     3 |     2 |       |     2 ||    15
       Box of beasts     |       |       |       |     1 |     5 |     2 |       |       |     1 ||     9
       Phantom mirror    |       |       |       |       |     1 |     1 |       |       |       ||     2
       Phial of floods   |       |       |       |       |       |     1 |     1 |       |       ||     2
       Condenser vane    |       |       |       |       |       |       |     3 |       |       ||     3
  Use: Scroll            |     4 |     2 |     5 |     4 |     9 |     8 |     1 |     5 |    19 ||    57
       Potion            |     1 |       |     2 |       |     1 |     3 |     1 |     6 |    11 ||    25
 Stab: Sleeping          |       |    24 |       |    13 |    12 |     9 |     6 |    13 |     6 ||    83
       Distracted        |       |       |     1 |     1 |       |     9 |     6 |    22 |    14 ||    53
       Held in net/web   |       |       |     1 |       |       |       |       |       |       ||     1
       Invisible         |       |       |       |     2 |       |       |       |       |       ||     2
Armor: Leather armour    |       |    26 |     4 |       |       |       |       |       |       ||    30
       Ring mail         |       |       |   126 |   373 |   603 |   301 |   282 |   340 |   247 ||  2272
       Skin              |       |       |     4 |       |       |       |       |       |       ||     4
Dodge: Dodged            |    10 |   116 |   175 |   320 |   612 |   368 |   272 |   425 |   430 ||  2728
       Repelled          |       |       |     5 |       |       |       |       |       |       ||     5
Block: Kite shield       |       |       |     7 |   444 |   840 |   491 |     2 |       |       ||  1784
       Tower shield      |       |       |       |       |       |       |   905 |  1365 |  1040 ||  3310
